 Dungeon Crawl Stone Soup version 0.23.2-40-g277498a001 (webtiles) character file.

Game seed: 17527856427558781448

2870 Amplified the Skirmisher (level 9, 0/62 HPs)
             Began as a Demonspawn Skald on Oct 7, 2019.
             Was a Follower of Hepliaklqana.
             Slain by a shadow (34 damage)
             ... on level 11 of the Dungeon.
             The game lasted 00:10:28 (6854 turns).

Amplified the Skirmisher (Demonspawn Skald)         Turns: 6854, Time: 00:10:29

Health: 0/62       AC:  4    Str: 15    XL:     9   Next: 47%
Magic:  14/14      EV: 17    Int: 17    God:    Hepliaklqana [*.....]
Gold:   386        SH:  0    Dex: 13    Spells: 8/15 levels left

rFire    . . .     SeeInvis .   a - +0 spear
rCold    . . .     Gourm    .   (no shield)
rNeg     + . .     Faith    .   b - +0 leather armour
rPois    .         Spirit   .   e - +0 helmet
rElec    .         Reflect  .   (no cloak)
rCorr    .         Harm     .   (no gloves)
MR       .....                  (no boots)
Stlth    +.........             r - amulet of regeneration
HPRegen  0.60/turn              g - +3 ring of intelligence
MPRegen  0.14/turn              v - ring of positive energy

@: no status effects
A: reduced essence, claws 1, repulsion field 2, demonic guardian 1, rot immunity
a: Recall Ancestor, Ancestor Identity, Renounce Religion


You were on level 11 of the Dungeon.
You worshipped Hepliaklqana.
Hepliaklqana was aware of your devotion.
You were very hungry.

You visited 2 branches of the dungeon, and saw 10 of its levels.

You collected 386 gold pieces.

Inventory:

Hand Weapons
 a - a +0 spear (weapon)
Armour
 b - a +0 leather armour (worn)
 e - a +0 helmet (worn)
Jewellery
 g - a +3 ring of intelligence (left claw)
 r - an amulet of regeneration (around neck)
 t - an uncursed amulet of magic regeneration
 v - a ring of positive energy (right claw)
Wands
 q - a wand of flame (19)
 x - a wand of enslavement (7)
Scrolls
 h - 2 scrolls of remove curse
 o - a scroll of fog
Potions
 c - a potion of brilliance
 j - 3 potions of agility
 p - 3 potions of might
 s - a potion of mutation {unknown}
Comestibles
 d - 7 rations


   Skills:
 * Level 5.7 Fighting
 * Level 5.2 Polearms
 * Level 5.0 Armour
 * Level 5.2 Dodging
 - Level 3.7 Spellcasting
 - Level 2.7 Hexes
 - Level 4.1 Charms
 * Level 5.4 Invocations


You had 8 spell levels left.
You knew the following spells:

 Your Spells              Type           Power        Failure   Level  Hunger
a - Infusion              Chrm           ###.         3%          1    None
b - Spectral Weapon       Hex/Chrm       ##......     14%         3    ###....
c - Regeneration          Chrm/Necr      ##........   24%         3    ###....

Your spell library contained the following spells:

 Spells                   Type           Power        Failure   Level  Hunger
 Song of Slaying          Chrm           ###.....     5%          2    ##.....
 Shroud of Golubria       Chrm/Tloc      ##........   12%         2    ##.....


Dungeon Overview and Level Annotations

Branches:
Dungeon (8/15)             Temple (1/1) D:4
   Lair: D:8-11

Altars:
Ashenzari
Cheibriados
Dithmenos
Elyvilon
Fedhas
Gozag
Hepliaklqana
Kikubaaqudgha
Makhleb
Nemelex Xobeh
Okawaru
Qazlal
Ru
Sif Muna
Trog
Uskayaw
Vehumet
Wu Jian
Xom
Yredelemnul
Zin
The Shining One

Shops:
D:5 }

Annotations:
D:8 Prince Ribbit


Innate Abilities, Weirdness & Mutations

You have sharp fingernails.
You are surrounded by a moderate repulsion field. (EV +3)
A weak demonic guardian rushes to your aid.
You are immune to rotting.
Your life essence is reduced to manifest your ancestor. (-10% HP)


Message History

Unknown command.
You hit the shadow but do no damage.
The shadow is severely damaged.
Your ufetubus hits the shadow but does no damage. x2
The shadow hits your ufetubus!
Your ufetubus dies!
Unknown command.
You hit the shadow but do no damage.
The shadow is severely damaged.
The shadow closely misses you.
You barely miss the shadow.
The shadow is severely damaged.
The shadow slips into darkness.
The shadow flickers and vanishes!
Deactivating autopickup; reactivate with Ctrl-A.
Unknown command.
You feel better.
The shadow strikes at you from the darkness!
Ouch! That really hurt!
You die...

..#..........
.#......... #..
'........ #...
....... #....
..... #.... ...
#.#..####{#######
#.#......@.......
#................
#.......#######..
#.......#
#....†..#
#.......#
#.......#
#.......#
#.......#


There were no monsters in sight!

Vanquished Creatures
  A wolf spider zombie (D:11)
  4 yaks (D:11)
  A hungry ghost (D:7)
  2 sky beasts (D:5)
  2 ogres
  A centaur (D:5)
  A bullfrog (D:7)
  A gnoll sergeant (D:6)
  A crimson imp (D:6)
  A bullfrog skeleton (D:4)
  3 orc wizards
  3 worker ants
  A hound skeleton (D:7)
  A mummy (D:5)
  Robin (D:2)
  5 gnolls (D:6)
  4 adders
  2 shadow imps (D:6)
  An ooze (D:2)
  An adder zombie (D:6)
  2 worms (D:3)
  6 dart slugs
  2 leopard geckos (D:3)
  12 orcs
  3 bats
  9 giant cockroaches
  17 goblins
  9 hobgoblins
  11 jackals
  12 kobolds
  3 quokkas
  6 frilled lizards
  2 kobold zombies (D:5)
  A leopard gecko skeleton (D:4)
  2 orc zombies (D:5)
  2 quokka skeletons
  7 rats
143 creatures vanquished.

Vanquished Creatures (collateral kills)
  2 yaks (D:11)
  A soldier ant (D:7)
  An ice beast (D:11)
  A sky beast (D:7)
  A necrophage (D:11)
  2 ogres
  A centaur (D:6)
  2 bullfrogs
  A howler monkey (D:4)
  A crimson imp (D:7)
  An orc wizard (D:7)
  A worker ant (D:7)
  A shadow imp (D:7)
  An orc (D:8)
17 creatures vanquished.

Vanquished Creatures (others)
  A killer bee (D:8)
  2 ancestors
  A spectral weapon (D:11)
4 creatures vanquished.

Grand Total: 164 creatures vanquished

Notes
Turn   | Place    | Note
-------+----------+-------------------------------------------
     0 | D:1      | Amplified the Demonspawn Skald began the quest for the Orb.
     0 | D:1      | Reached XP level 1. HP: 16/16 MP: 3/3
    46 | D:1      | Reached skill level 1 in Armour
   131 | D:1      | Gained mutation: You are surrounded by a mild repulsion
                  | field. (EV +2) [demonic ancestry]
   131 | D:1      | Reached XP level 2. HP: 14/22 MP: 5/5
   648 | D:1      | Reached XP level 3. HP: 26/27 MP: 6/6
  1319 | D:2      | Noticed Robin
  1334 | D:2      | Killed Robin
  1334 | D:2      | Gained mutation: You have sharp fingernails. [demonic
                  | ancestry]
  1334 | D:2      | Reached XP level 4. HP: 33/34 MP: 2/7
  1504 | D:2      | Learned a level 3 spell: Spectral Weapon
  2242 | D:3      | Gained mutation: A weak demonic guardian rushes to your
                  | aid. [demonic ancestry]
  2242 | D:3      | Reached XP level 5. HP: 39/39 MP: 6/9
  2657 | D:4      | Found a glowing golden altar of the Shining One.
  2665 | D:4      | Noticed an ogre
  2673 | D:4      | Killed an ogre
  2673 | D:4      | Reached skill level 1 in Hexes
  2834 | D:4      | Found a staircase to the Ecumenical Temple.
  2850 | Temple   | Entered the Ecumenical Temple
  3105 | D:4      | Gained mutation: You are surrounded by a moderate repulsion
                  | field. (EV +3) [demonic ancestry]
  3105 | D:4      | Reached XP level 6. HP: 45/47 MP: 6/10
  3899 | D:5      | Entered Level 5 of the Dungeon
  4239 | D:5      | Noticed a sky beast
  4241 | D:5      | Noticed a sky beast
  4259 | D:5      | Killed a sky beast
  4452 | D:5      | Gained mutation: You are immune to rotting. [demonic
                  | ancestry]
  4452 | D:5      | Reached XP level 7. HP: 51/52 MP: 9/12
  4590 | D:5      | Found a sacrificial altar of Ru.
  4590 | D:5      | Found a shimmering altar of Xom.
  4590 | D:5      | Found a glowing golden altar of the Shining One.
  4590 | D:5      | Found a shattered altar of Ashenzari.
  4610 | D:5      | Found a stormy altar of Qazlal.
  5045 | D:5      | Found Bykois's Gadget Shoppe.
  5198 | D:6      | Found a blossoming altar of Fedhas.
  5655 | D:6      | Found a hazy altar of Hepliaklqana.
  5665 | D:6      | Became a worshipper of Hepliaklqana the Forgotten
  5947 | D:7      | Found an ornate altar of the Wu Jian Council.
  5948 | D:7      | Found a snail-covered altar of Cheibriados.
  6006 | D:7      | Reached skill level 1 in Invocations
  6006 | D:7      | Reached XP level 8. HP: 31/54 MP: 8/13
  6052 | D:7      | Learned a level 3 spell: Regeneration
  6113 | D:7      | Found an iron altar of Okawaru.
  6309 | D:7      | Found a shadowy altar of Dithmenos.
  6452 | D:7      | Reached * piety under Hepliaklqana
  6465 | D:7      | Found a radiant altar of Vehumet.
  6466 | D:7      | Found a burning altar of Makhleb.
  6556 | D:8      | Noticed Prince Ribbit
  6621 | D:8      | You fall through a shaft for 3 floors!
  6672 | D:11     | Reached skill level 5 in Fighting
  6751 | D:11     | Reached XP level 9. HP: 56/61 MP: 10/14
  6816 | D:11     | Reached skill level 5 in Polearms
  6816 | D:11     | Reached skill level 5 in Dodging
  6824 | D:11     | Reached skill level 5 in Invocations
  6843 | D:11     | Reached skill level 5 in Armour
  6854 | D:11     | Slain by a shadow

Skill      XL: |  1  2  3  4  5  6  7  8  9 |
---------------+----------------------------+-----
Armour         | 1 2 3 4 5 |  5.0
Dodging        | 2 3 4 5 |  5.2
Polearms       | 2 3 4 5 |  5.2
Charms         | 3 4 |  4.1
Hexes          | 1 2 |  2.7
Spellcasting   | 3 |  3.7
Fighting       | 3 4 5 |  5.7
Invocations    | 1 4 5 |  5.4

Action                   |  1- 3 |  4- 6 |  7- 9 || total
-------------------------+-------+-------+-------++-------
Melee: Spear             |   137 |   249 |   324 ||   710
 Cast: Infusion          |     5 |     4 |       ||     9
       Spectral Weapon   |       |    16 |    28 ||    44
       Regeneration      |       |       |     1 ||     1
Invok: Recall Ancestor   |       |       |     1 ||     1
       Ancestor Identity |       |       |     1 ||     1
Evoke: Wand              |       |       |     8 ||     8
  Use: Potion            |     2 |     1 |    12 ||    15
       Scroll            |     1 |     5 |     5 ||    11
 Stab: Sleeping          |       |     3 |       ||     3
       Distracted        |       |     2 |     6 ||     8
       Invisible         |       |       |     1 ||     1
  Eat: Chunk             |     2 |     5 |     8 ||    15
       Ration            |       |     2 |     1 ||     3
Armor: Leather armour    |    19 |    39 |    32 ||    90
Dodge: Dodged            |    69 |   136 |   199 ||   404
